Map: Protocolo central

Players

xXkazperXx

  • Race: Zerg Zerg
  • League: Bronze

SoiledPants - Winner!

  • Race: Zerg Zerg

VOD

Have the link to the VOD?

Description

Time

  • Played on: March 17, 2016, 9:07 a.m.
  • Length: 16:54
Show
View Real Time Build Order
Export as new Build Order

xXkazperXx Zerg 

Build Orders: Pool First 

Get SALT Encoding   

  12  0:02  Drone  
  13  0:08  Drone  
  14  0:17  Overlord  
  14  0:36  Spawning Pool  
  14  0:38  Drone  
  14  0:45  Extractor  
  13  0:53  Drone x3  
  16  1:24  Zergling x4  
  16  1:25  Queen  
  20  1:28  Zergling x2  
  21  1:42  Roach Warren  
  21  1:44  Zergling x2  
  21  1:49  Extractor  
  21  1:50  Drone  
  21  2:13  Zergling x2  
  21  2:14  Overlord  
  22  2:35  Roach x3  
  22  2:36  Roach  
  30  2:38  Overlord  
  30  3:02  Roach x2  
  30  3:04  Lair  
  34  3:50  Hatchery  
  33  4:04  Roach x2  
  33  4:05  Overlord  
  33  4:09  Overlord  
  37  4:22  Burrow  
  37  4:33  Tunneling Claws  
  37  4:51  Drone x3  
  40  5:05  Drone  
  41  5:27  Roach x4  
  46  5:36  Metabolic Boost  
  45  5:56  Zergling x6  
  47  6:22  Drone x3  
  50  6:37  Roach  
  52  6:54  Hatchery  
  51  7:02  Hydralisk Den  
  52  7:23  Roach  
  52  7:24  Overlord x2  
  52  7:57  Hydralisk x3  
  58  8:09  Lurker Den  
  58  8:15  Drone  
  59  8:31  Hydralisk  
  61  8:34  Drone  
  61  8:38  Drone  
  63  9:20  Drone x3  
  66  9:47  Spire  
  64  10:29  Hydralisk x3  
  64  10:31  Hydralisk x2  
  74  11:03  Overlord x2  
  74  11:16  Roach x11  
  74  11:51  Corruptor x2  
  74  11:52  Corruptor  
  74  11:53  Roach x11, Corruptor x3  
  74  11:54  Corruptor x2  
  90  12:06  Infestation Pit  
  53  13:10  Mutalisk x3  
  51  13:37  Hatchery  
  51  13:38  Roach x6, Spore Crawler  
  51  13:39  Roach x5, Spore Crawler  
  48  13:42  Spine Crawler  
  48  13:45  Spore Crawler  
  33  14:34  Hatchery  
  30  15:26  Roach  
  30  15:29  Roach x10  
  30  15:41  Drone  
Show
View Real Time Build Order
Export as new Build Order

SoiledPants Zerg - Winner!

Build Orders: Pool First 

Get SALT Encoding   

  12  0:10  Overlord  
  12  0:15  Drone  
  13  0:25  Extractor  
  12  0:44  Spawning Pool  
  11  0:54  Drone x2  
  11  0:55  Drone  
  14  1:22  Extractor  
  13  1:32  Zergling x6  
  16  1:58  Lair  
  16  2:01  Drone x2  
  18  2:11  Zergling x2  
  19  2:23  Drone  
  20  2:37  Metabolic Boost  
  20  3:02  Spire  
  19  3:06  Overlord  
  19  3:07  Overlord  
  19  3:08  Drone  
  20  3:48  Hatchery  
  19  3:52  Drone x3  
  22  4:25  Zergling x6  
  25  4:41  Queen  
  27  5:01  Drone  
  21  6:49  Mutalisk x3  
  27  6:54  Mutalisk x2  
  27  6:55  Mutalisk  
  33  7:26  Hatchery  
  33  7:27  Zerg Flyer Weapons Level 1  
  32  7:39  Mutalisk x3  
  32  7:41  Mutalisk  
  32  7:42  Mutalisk  
  42  7:45  Overlord  
  42  8:31  Mutalisk x3  
  48  8:35  Mutalisk  
  48  8:37  Overlord x2  
  50  8:44  Drone  
  51  9:10  Drone x3  
  51  9:13  Drone x3  
  57  9:27  Zerg Flyer Armor Level 1  
  57  9:36  Mutalisk x3  
  63  9:39  Mutalisk, Extractor  
  63  9:40  Mutalisk  
  66  9:46  Drone x2  
  68  10:16  Mutalisk  
  68  10:17  Mutalisk  
  72  10:35  Zergling x2  
  73  10:36  Zergling x2  
  73  10:38  Overlord  
  74  10:43  Overlord  
  74  10:44  Overlord  
  74  11:01  Mutalisk x2  
  78  11:05  Zergling x2  
  79  11:15  Zergling x6  
  82  11:20  Zergling x2  
  82  11:21  Mutalisk x2  
  22  15:15  Hatchery  
Tags
 
Add a new tag
Caveats
  • Supply blocks, unpowered buildings, or Contaminate may cause inaccurate times.
  • Supply counts are checked every 10 seconds.